 Dungeon Crawl Stone Soup version 0.22-a0-521-gb1378044ac (webtiles) character file.

68 Kaname the Conjurer (level 4, 30/30 HPs)
             Began as a Demonspawn Wizard on June 20, 2018.
             Quit the game on level 2 of the Dungeon.
             The game lasted 00:02:40 (934 turns).

Kaname the Conjurer (Demonspawn Wizard)              Turns: 934, Time: 00:02:40

Health: 30/30      AC:  4    Str:  8    XL:     4   Next: 1%
Magic:  4/8        EV: 12    Int: 20    God:
Gold:   69         SH:  0    Dex: 11    Spells: 3/9 levels left

rFire    . . .     SeeInvis .   j - +2 dagger (venom)
rCold    . . .     Gourm    .   (no shield)
rNeg     . . .     Faith    .   a - +0 robe
rPois    .         Spirit   .   b - +0 hat
rElec    .         Reflect  .   (no cloak)
rCorr    .         Harm     .   (no gloves)
MR       .....     Rnd*Tele +   (no boots)
Stlth    ++........             (no amulet)
HPRegen  0.10/turn              n - ring of teleportation (curse)
MPRegen  0.11/turn              (no ring)

@: very slightly contaminated
A: antennae 2, yellow scales 1
a: no special abilities


You were on level 2 of the Dungeon.
You were not hungry.

You visited 1 branch of the dungeon, and saw 2 of its levels.

You collected 69 gold pieces.

Inventory:

Hand Weapons
 f - a +2 dagger of pain
 j - a +2 dagger of venom (weapon)
Missiles
 e - 38 arrows
Armour
 a - a +0 robe (worn)
 b - a +0 hat (worn)
Jewellery
 n - a cursed ring of teleportation (left hand)
Scrolls
 c - 6 scrolls of identify {unknown}
 h - a scroll of enchant armour {unknown}
 i - a scroll of fog {unknown}
 k - a scroll of random uselessness {unknown}
 l - a scroll of magic mapping {unknown}
 m - a scroll of immolation {unknown}
Potions
 g - 3 potions of haste {unknown}
Comestibles
 d - 3 rations


   Skills:
 - Level 1.7 Dodging
 - Level 1.7 Stealth
 - Level 3.0 Spellcasting
 + Level 3.9 Conjurations
   Level 1.0 Summonings
 - Level 0.8 Translocations


You had 3 spell levels left.
You knew the following spells:

 Your Spells              Type           Power        Failure   Level  Hunger
a - Magic Dart            Conj           ###.         2%          1    None
b - Blink                 Tloc           N/A          16%         2    ##.....
c - Mephitic Cloud        Conj/Pois/Air  #.......     26%         3    ###....

Your spell library contained the following spells:

 Spells                   Type           Power        Failure   Level  Hunger
 Conjure Flame            Conj/Fire      ##......     19%         3    ###....
 Slow                     Hex            #.......     22%         2    ##.....
 Call Imp                 Summ           #.......     14%         2    ##.....


Dungeon Overview and Level Annotations

Branches:
Dungeon (2/15)

Altars:


Innate Abilities, Weirdness & Mutations

You have a pair of antennae on your head.
You are partially covered in yellow scales. (AC +2)


Message History

The leopard gecko hisses angrily.
Casting: Magic Dart (safe; 2% risk of failure)
Confirm with . or Enter, or press ? or * to list all spells.
Aiming: Magic Dart (safe; 2% risk of failure)
Press: ? - help, Shift-Dir - straight line, f/p - leopard gecko
Aim: a leopard gecko (almost dead)
You miscast Magic Dart.
You are very lightly contaminated with residual magic.
Your skin glows momentarily.
Casting: Magic Dart (safe; 2% risk of failure)
Confirm with . or Enter, or press ? or * to list all spells.
Aiming: Magic Dart (safe; 2% risk of failure)
Press: ? - help, Shift-Dir - straight line, f/p - leopard gecko
Aim: a leopard gecko (almost dead)
The magic dart hits the leopard gecko.
You kill the leopard gecko!
You have reached level 4!
You feel stronger.
Your demonic ancestry asserts itself...
Yellow scales grow over part of your body.
Are you sure you want to abandon this character and quit the game? (Confirm with "yes".)

..............#........# ##.#
........[.....#........##### #.#
..............#............# #.#
..............#####.######.# #.#
...>..........# #..# #.###(##
..............####.##### #.)....#
.................#.....#######..#
........................# ####
................@........#
.....#...................#
#...............#
#...†...........#
#...............#
##.............## ##.....#.....##
#############


There were no monsters in sight!

Vanquished Creatures
  2 adders (D:2)
  A worm (D:2)
  2 dart slugs (D:1)
  4 leopard geckos
  7 bats
  5 giant cockroaches
  3 hobgoblins
  8 kobolds
  2 frilled lizards (D:1)
  4 rats (D:2)
38 creatures vanquished.

Notes
Turn   | Place    | Note
-------+----------+-------------------------------------------
     0 | D:1      | Kaname the Demonspawn Wizard began the quest for the Orb.
     0 | D:1      | Reached XP level 1. HP: 13/13 MP: 4/4
   209 | D:1      | Gained mutation: You have a pair of small antennae on your head. [demonic ancestry]
   209 | D:1      | Reached XP level 2. HP: 10/19 MP: 4/6
   670 | D:2      | Gained mutation: You have a pair of antennae on your head. [demonic ancestry]
   670 | D:2      | Reached XP level 3. HP: 24/24 MP: 3/7
   674 | D:2      | Learned a level 2 spell: Blink
   678 | D:2      | Learned a level 3 spell: Mephitic Cloud
   933 | D:2      | Gained mutation: You are partially covered in yellow scales. (AC +2) [demonic ancestry]
   933 | D:2      | Reached XP level 4. HP: 30/30 MP: 4/8
   934 | D:2      | Quit the game

Vault maps used:
D:1:      moated_graveyard_arrival, st_stairs_3

Skill      XL: |  1  2 |
---------------+-------+-----
Conjurations   | 2 3 |  3.9
Dodging        | |  1.7
Stealth        | |  1.7
Spellcasting   | |  3.0
Summonings     | |  1.0
Translocations | |  0.8

Action                   |  1- 3 |  4- 6 || total
-------------------------+-------+-------++-------
Melee: Dagger            |    42 |       ||    42
 Cast: Magic Dart        |    55 |     1 ||    56
 Stab: Sleeping          |     2 |       ||     2
Armor: Robe              |     8 |       ||     8
Dodge: Dodged            |    29 |       ||    29

Table legend:
 A = Spawn XP
 B = Non-spawn XP
 C = Spawn XP percentage of total XP
 D = Spawn monster count
 E = Non-spawn monster count
 F = Spawn count percentage of total count
 G = Total turns spent on level
                    A         B        C        D         E        F      G
               +---------+---------+-------+---------+---------+-------+---------
         Total |       0 |      98 |   0.0 |       0 |      38 |   0.0 |   934
               +---------+---------+-------+---------+---------+-------+---------
           D:1 |       0 |      33 |   0.0 |       0 |      16 |   0.0 |   590
           D:2 |       0 |      65 |   0.0 |       0 |      22 |   0.0 |   344
               +---------+---------+-------+---------+---------+-------+---------
